 Dungeon Crawl Stone Soup version 0.29.0-7-g18a832c13a (webtiles) character file.

Game seed: 13028503250058188031

6705 sanka the Grappler (level 10, -2/100 (104) HPs)
             Began as a Troll Cinder Acolyte on Aug 30, 2022.
             Was an Elder of Ignis.
             Slain by a wight
             ... wielding a +0 long sword
              (5 damage)
             ... on level 8 of the Dungeon.
             The game lasted 00:09:46 (6529 turns).

sanka the Grappler (Troll Cinder Acolyte)           Turns: 6529, Time: 00:09:47

HP:   -2/100 (104)  AC:  5    Str: 24    XL:     10   Next: 74%
MP:   0/12          EV: 11    Int: 10    God:    Ignis [****..]
Gold: 427           SH:  0    Dex:  9    Spells: 11/11 levels left

rFire   + + .      SeeInvis .     - Unarmed
rCold   . . .      Faith    .   (no shield)
rNeg    + . .      Spirit   +   H - +2 robe {rN+}
rPois   .          Reflect  .   (helmet restricted)
rElec   .          Harm     .   (no cloak)
rCorr   .          Rampage  .   (gloves unavailable)
Will    .....                   (boots unavailable)
Stlth   +.........              y - amulet of guardian spirit
HPRegen 1.06/turn               a - ring of flight
MPRegen 0.13/turn               d - ring of protection from fire

@: corroded, fiery-armoured, flying, lightly drained
A: large, unfitting armour, claws 3, regeneration 1, shaggy fur 1, tough skin 1
a: Renounce Religion, Fiery Armour, Foxfire Swarm, Rising Flame


You were on level 8 of the Dungeon.
You worshipped Ignis.
Ignis was greatly pleased with you.
You visited 2 branches of the dungeon, and saw 9 of its levels.

You collected 427 gold pieces.


Innate Abilities, Weirdness & Mutations

You are too large for most types of armour.
You have claws for hands.
Your natural rate of healing is unusually fast.
You are covered in fur. (AC +1)
You have tough skin. (AC +1)


   Skills:
 + Level 7.8 Fighting
 + Level 7.2 Dodging
 + Level 10.4 Unarmed Combat
 - Level 1.0 Spellcasting
 - Level 2.1 Fire Magic
 - Level 4.0 Invocations


You had 11 spell levels left.
You didn't know any spells.
Your spell library contained the following spells:

 Spells                   Type           Power      Damage    Failure   Level
 Scorch                   Fire           8%         2d5       22%         2
 Magic Dart               Conj           0%         1d3       34%         1
 Summon Small Mammal      Summ           0%         N/A       34%         1
 Call Imp                 Summ           0%         N/A       45%         2
 Ensorcelled Hibernation  Hex/Ice        0%         N/A       45%         2
 Sublimation of Blood     Necr           0%         N/A       45%         2
 Call Canine Familiar     Summ           0%         N/A       71%         3
 Dazzling Flash           Conj/Hex       0%         N/A       71%         3
 Mephitic Cloud           Conj/Pois/Air  0%         N/A       71%         3
 Spider Form              Tmut/Pois      0%         N/A       71%         3
 Summon Guardian Golem    Hex/Summ       0%         N/A       71%         3
 Anguish                  Hex/Necr       0%         N/A       98%         4
 Petrify                  Tmut/Erth      0%         N/A       98%         4
 Agony                    Necr           0%         N/A       100%        5
 Irradiate                Conj/Tmut      0%         3d11      100%        5
 Silence                  Hex/Air        0%         N/A       100%        5

Inventory:

Hand Weapons
 b - a +0 scimitar of flaming
Missiles
 B - 2 throwing nets {=f}
Armour
 H - a +2 robe of positive energy (worn)
Jewellery
 a - a ring of flight (left claw)
 d - a ring of protection from fire (right claw)
 y - an amulet of guardian spirit (around neck)
 J - an amulet of the acrobat
Wands
 q - a wand of polymorph (6)
 w - a wand of light (22)
 C - a wand of charming (9)
 D - a wand of digging (5)
 I - a wand of flame (17)
 N - a wand of mindburst (2)
Scrolls
 c - a scroll of torment {unknown}
 g - 2 scrolls of teleportation {unknown}
 m - 6 scrolls of identify {unknown}
 p - a scroll of blinking {unknown}
 r - 2 scrolls of fog {unknown}
 s - 3 scrolls of magic mapping {unknown}
 t - a scroll of brand weapon {unknown}
 u - a scroll of enchant armour {unknown}
 z - 2 scrolls of vulnerability {unknown}
 A - 3 scrolls of poison {unknown}
 E - a scroll of noise {unknown}
 G - a scroll of enchant weapon {unknown}
 K - a scroll of summoning {unknown}
 L - a scroll of immolation {unknown}
 M - 3 scrolls of amnesia {unknown}
Potions
 e - 3 potions of curing {@q1}
 f - a potion of lignification {unknown}
 h - 4 potions of degeneration {unknown}
 i - 2 potions of flight {unknown}
 j - 3 potions of might
 k - 2 potions of heal wounds {unknown}
 l - 2 potions of berserk rage {unknown}
 n - 2 potions of resistance {unknown}
 o - a potion of invisibility {unknown}
 v - 2 potions of mutation {unknown}
 x - a potion of cancellation {unknown}
 F - a potion of ambrosia {unknown}

Dungeon Overview and Level Annotations

Branches:
Dungeon (8/15)             Temple (1/1) D:7            Lair (0/5) D:8

Altars:
Ashenzari
Cheibriados
Dithmenos
Elyvilon
Fedhas
Gozag
Hepliaklqana
Kikubaaqudgha
Makhleb
Nemelex Xobeh
Okawaru
Qazlal
Ru
Sif Muna
Trog
Uskayaw
Wu Jian
Xom
The Shining One

Shops:
D:3 (

Annotations:
D:8 exclusion: downstairs

♣♣...♣.♣♣♣♣♣♣♣
♣♣♣♣♣♣......♣♣
♣♣♣♣♣♣♣.♣▒▒▒▒
♣ ♣♣....▒ ♣
♣♣▒▒.▒ ♣ ▒.▒
▒.▒ ▒▒.▒▒


▒Tzz▒ ▒▒▒z▒ ▒....▒ ▒▒..>▒ ▒.▒.▒ .z .▒ ▒.. .▒ ▒▒. ▒▒ ▒. You could see 3 wights.


Message History

You destroy the wight!
The acid dragon spits acid at you. The splash of acid hits you!
* * * LOW HITPOINT WARNING * * *
Unknown command.
The wight hits you with a +0 long sword.
* * * LOW HITPOINT WARNING * * *
The wight is burned by your cloak of flames.
The wight is moderately damaged.
Unknown command.
You barely miss the acid dragon.
The acid dragon is severely wounded.
The acid dragon spits acid at you. The splash of acid hits you!!
* * * LOW HITPOINT WARNING * * *
The acid corrodes you! The wight barely misses you.
Unknown command.
Okay, then.
You scratch the acid dragon but do no damage.
The acid dragon is severely wounded.
You claw the acid dragon!
The acid dragon is almost dead.
The acid dragon spits acid at you. The splash of acid misses you.
The wight misses you.
You claw the acid dragon!
You kill the acid dragon!
The wight hits you with a +0 long sword.
You die...

Action                   |  1- 3 |  4- 6 |  7- 9 | 10-12 || total
-------------------------+-------+-------+-------+-------++-------
Melee: Unarmed           |    86 |   104 |   282 |   122 ||   594
       Punch             |       |     3 |    16 |     6 ||    25
Invok: Fiery Armour      |       |     1 |     1 |     3 ||     5
  Use: Potion            |       |     2 |       |     1 ||     3
 Stab: Sleeping          |     2 |     2 |       |       ||     4
Armor: Robe              |    30 |    18 |    69 |    26 ||   143
Dodge: Dodged            |    44 |    32 |   127 |    53 ||   256

Levels and vault maps discovered:
D:1:      lightli_arrival_maybe_door_vault, layout_loops_cross
D:2:      layout_loops_ring, serial_glass, glass_columns_a, glass_columns_b,
          glass_columns_c, glass_columns_b, glass_columns_c, glass_columns_c,
          glass_columns_a, glass_columns_c
D:3:      kennysheep_six_static_rooms, layout_rooms, general_overflow_altar,
          led_xom_imps, dreamdust_ecumenical_altar_angels_and_demons,
          ebering_ghost_reflecting_pool, serial_shops,
          nicolae_shop_bloodbath_and_beyond, guppyfry_early_lair_pool,
          uniq_robin
D:4:      layout_basic, trog_book, nicolae_overflow_crystal_walls, uniq_sigmund
D:5:      layout_rooms, hangedman_decor_slide_cut
D:6:      layout_basic, lemuel_crystal_altar, mainiacjoe_overflow_alcove_2,
          ebering_ghost_reflecting_pool
D:7:      layout_loops_ring, fedhas_altar_2, kennysheep_slug_shrine,
          minmay_temple_entry_waves, hangedman_abyss_or_decor_stagger,
          grunt_ministairs_10, minmay_fractal_squares_diagonal_5, uniq_duvessa
D:8:      kb_forest_paths, layout_loops_corners, kennysheep_mini_moat,
          grunt_lair_entry_orc_guard_hut, kb_rosetta, uniq_erica
Temple:   hellmonk_temple_micro_hex

Notes
Turn   | Place    | Note
-------+----------+-------------------------------------------
     0 | D:1      | sanka the Troll Cinder Acolyte began the quest for the Orb.
     0 | D:1      | Reached XP level 1. HP: 22/22 MP: 1/1
    89 | D:1      | Reached XP level 2. HP: 23/29 MP: 2/2
   575 | D:1      | Reached XP level 3. HP: 36/36 MP: 3/3
  1063 | D:2      | Reached skill level 1 in Invocations
  1346 | D:3      | Identified the +0 robe "Etres" {rPois Stlth+}
  1510 | D:3      | Reached skill level 1 in Dodging
  1658 | D:3      | Found a shimmering altar of Xom.
  1665 | D:3      | Reached XP level 4. HP: 44/44 MP: 4/4
  1670 | D:3      | Reached skill level 4 in Unarmed Combat
  1693 | D:3      | Reached skill level 3 in Fighting
  1693 | D:3      | Reached XP level 5. HP: 46/53 MP: 5/5
  1707 | D:3      | Noticed Robin
  1718 | D:3      | Killed Robin
  1872 | D:3      | Found a faded altar of an unknown god.
  1888 | D:3      | Found Ozan Emy's Weapon Emporium.
  1910 | D:3      | Found a shimmering blue altar of Sif Muna.
  2085 | D:3      | Found a runed translucent door.
  2086 | D:3      | Noticed qborf's ghost (amateur MeHW)
  2122 | D:3      | HP: 1/53 [qborf's ghost (6)]
  2129 | D:3      | Killed qborf's ghost
  2129 | D:3      | HP: 5/53 [poisoned by qborf's ghost]
  2130 | D:3      | Reached skill level 2 in Dodging
  2130 | D:3      | Reached skill level 2 in Invocations
  2130 | D:3      | Reached XP level 6. HP: 6/61 MP: 6/6
  2134 | D:3      | HP: 6/61 [poisoned by qborf's ghost]
  2278 | D:4      | Noticed Sigmund
  2284 | D:4      | Killed Sigmund
  2285 | D:4      | Reached skill level 5 in Unarmed Combat
  2468 | D:4      | Reached XP level 7. HP: 62/68 MP: 6/8
  2622 | D:4      | Found a bloodstained altar of Trog.
  2733 | D:4      | Reached skill level 3 in Invocations
  2799 | D:4      | Found an opulent altar of Gozag.
  2921 | D:5      | Entered Level 5 of the Dungeon
  3020 | D:5      | Reached skill level 6 in Unarmed Combat
  3335 | D:5      | Reached skill level 4 in Fighting
  3335 | D:5      | Reached skill level 3 in Dodging
  3601 | D:6      | Reached XP level 8. HP: 75/78 MP: 7/9
  3620 | D:6      | Found a runed translucent door.
  3703 | D:6      | Found a sacrificial altar of Ru.
  3895 | D:6      | Noticed Kahsius's ghost (novice DrTm)
  4111 | D:6      | Found a glowing golden altar of the Shining One.
  4167 | D:6      | Reached skill level 7 in Unarmed Combat
  4201 | D:6      | Reached skill level 4 in Invocations
  4350 | D:6      | Identified the +3 buckler of the Unbroken {rN+}
  4553 | D:6      | Killed Kahsius's ghost
  4554 | D:6      | Reached skill level 5 in Fighting
  4554 | D:6      | Reached skill level 4 in Dodging
  4554 | D:6      | Reached skill level 8 in Unarmed Combat
  4554 | D:6      | Reached XP level 9. HP: 61/88 MP: 7/11
  4696 | D:7      | Found a staircase to the Ecumenical Temple.
  4723 | Temple   | Entered the Ecumenical Temple
  4823 | D:7      | Found a snail-covered altar of Cheibriados.
  4921 | D:7      | Found a blossoming altar of Fedhas.
  4963 | D:7      | Noticed Dowan
  4975 | D:7      | Noticed Duvessa
  4979 | D:7      | Killed Duvessa
  4985 | D:7      | Killed Dowan
  5189 | D:7      | Reached skill level 9 in Unarmed Combat
  5430 | D:7      | Reached skill level 5 in Dodging
  5430 | D:7      | Identified the +2 pair of boots of the Bagpipe {rF+}
  5722 | D:8      | Reached skill level 6 in Fighting
  5796 | D:8      | Found a staircase to the Lair.
  5802 | D:8      | Reached skill level 10 in Unarmed Combat
  5849 | D:8      | Noticed an efreet
  5851 | D:8      | Noticed a cyclops
  5866 | D:8      | Killed an efreet
  5870 | D:8      | Reached XP level 10. HP: 72/100 MP: 6/12
  5952 | D:8      | Noticed a green ugly thing
  5952 | D:8      | Noticed a gargoyle
  5977 | D:8      | Killed a cyclops
  5978 | D:8      | Reached skill level 6 in Dodging
  6055 | D:8      | Killed a green ugly thing
  6056 | D:8      | Reached skill level 7 in Fighting
  6111 | D:8      | Killed a gargoyle
  6234 | D:8      | Found a burning altar of Makhleb.
  6340 | D:8      | Reached skill level 7 in Dodging
  6526 | D:8      | HP: 1/100 [acid dragon/splash of acid (24)]
  6529 | D:8      | Slain by a wight

Vanquished Creatures
  An ugly thing (D:8)
  The ghost of Kahsius the Ruffian, a novice DrTm of Xom (D:6)
  A cyclops (D:8)
  A gargoyle (D:8)
  An efreet (D:8)
  Sigmund (D:4)
  5 spriggans (D:8)
  A steam dragon (D:8)
  An acid dragon (D:8)
  An orc warrior (D:8)
  Duvessa (D:7)
  2 black bears (D:8)
  4 ice beasts
  2 sky beasts
  An ogre (D:4)
  The ghost of qborf the Magician, an amateur MeHW (D:3)
  2 phantoms
  A kobold brigand (D:8)
  A necrophage (D:6)
  6 bullfrogs
  2 scorpions
  15 wights
  Dowan (D:7)
  7 killer bees (D:8)
  2 howler monkeys
  3 crimson imps (D:3)
  5 hounds
  2 orc priests
  4 jellies
  4 iguanas
  2 orc wizards (D:6)
  Robin (D:3)
  4 gnolls (D:5)
  5 adders
  A shadow imp (D:6)
  2 ufetubi
  A worm (D:3)
  2 dart slugs
  16 orcs
  10 ball pythons
  5 endoplasms
  4 giant cockroaches
  11 goblins
  14 hobgoblins
  2 quokkas
  7 bats
  A frilled lizard (D:1)
  9 kobolds
  6 rats
183 creatures vanquished.

Vanquished Creatures (others)
  4 fungi (D:8)
  7 plants (D:8)
11 creatures vanquished.

Grand Total: 194 creatures vanquished
